 Dungeon Sprint DCSS version 0.18-a0-1273-g8ec5f8e (webtiles) character file.

9320 pipel the Imperceptible (level 11, -5/65 HPs)
             Began as a Vine Stalker Assassin on Feb 7, 2016.
             Was the Champion of Ru.
             Slain by a stone giant (30 damage)
             ... in the Dungeon (Sprint IX: "|||||||||||||||||||||||||||||").
             The game lasted 00:09:35 (739 turns).

pipel the Imperceptible (Vine Stalker Assassin)      Turns: 739, Time: 00:09:37

Health: -5/65      AC:  8    Str: 13    XL:     11   Next: 44%
Magic:  0/16       EV: 22    Int: 11    God:    Ru [******]
Gold:   126        SH:  0    Dex: 20    Spells: 0 memorised, 10 levels left

rFire  . . .     SeeInvis .     s - +2 rapier (distort)
rCold  . . .     Gourm    .     c - +0 robe
rNeg   . . .     Faith    .     (shield unavailable)
rPois  .         Spirit   +     I - +0 helmet
rElec  .         Dismiss  .     d - +0 cloak
rCorr  .         Reflect  .     J - +0 pair of gloves
SustAt .         Harm     .     t - +0 pair of boots
MR     +....     NoTele   +     (no amulet)
Stlth  ++++++++..               x - +2 ring of protection
                                (ring unavailable)

@: exhausted, drained, somewhat resistant to hostile enchantments,
extraordinarily stealthy
A: fangs 3, regeneration 2, magic shield, antimagic bite, no device heal 3, rot
immunity, missing a hand, hated by all, inability to train armour, no charms
magic, no earth magic, no necromancy magic
a: Draw Out Power, Power Leap, Apocalypse, Renounce Religion


You were in the Dungeon.
You worshipped Ru.
Ru was exalted by your worship.
You were hungry.

You visited 1 branch You collected 126 gold pieces.

Inventory:

Hand Weapons
 a - a +2 dagger
 b - a +0 blowgun
 s - a +2 rapier of distortion (weapon)
 y - a +1 trident of venom
Missiles
 e - 8 poisoned needles
 f - 2 curare-tipped needles
 K - 2 throwing nets (quivered)
Armour
 c - a +0 robe (worn)
 d - a +0 cloak (worn)
 t - a +0 pair of boots (worn)
 u - a +0 cloak
 v - a +1 chain mail
 I - a +0 helmet (worn)
 J - a +0 pair of gloves (worn)
 L - a +4 ring mail of poison resistance
Magical Staves
 r - an uncursed staff of energy
Jewellery
 w - a +2 ring of protection
 x - a +2 ring of protection (right hand)
Wands
 q - a wand of acid (0/15)
Scrolls
 m - 3 scrolls of blinking
 o - 4 scrolls of remove curse
 p - 2 scrolls of amnesia
 D - a scroll of recharging
 E - a scroll of fear
 F - 2 scrolls of enchant weapon
Potions
 h - 6 potions of curing
 i - 5 potions of heal wounds
 j - 3 potions of haste
 k - 4 potions of magic
 l - a potion of invisibility
 z - a potion of berserk rage
 A - a potion of resistance
Miscellaneous
 C - a sack of spiders {used: 3}
Comestibles
 g - 13 bread rations
 B - a slice of pizza
 G - 40 fruits
 H - 12 meat rations


   Skills:
 + Level 11.1(11.0) Fighting
 + Level 8.7(8.6) Short Blades
 - Level 1.7 Throwing
 + Level 11.2(11.1) Dodging
 - Level 21.9(21.8) Stealth
 + Level 5.5 Evocations


You had 10 spell levels left.
You didn't know any spells.

Dungeon Overview and Level Annotations

Branches:
Dungeon (1/1)

Altars:
Cheibriados
Dithmenos
Elyvilon
Fedhas
Gozag
Kikubaaqudgha
Makhleb
Nemelex Xobeh
Okawaru
Pakellas
Qazlal
Ru
Sif Muna
Trog
Vehumet
Xom
Yredelemnul
Zin
The Shining One
Beogh
Jiyva
Lugonu


Innate Abilities, Weirdness & Mutations

You have razor-sharp teeth.
You heal very quickly.
When hurt, damage is shared between your health and your magic reserves.
Your bite disrupts and absorbs the magic of your enemies.
Potions and wands cannot restore your health.
You are immune to rotting.
You are missing a hand.
You are hated by all.
You cannot train Armour skill.
You cannot study or cast Charms magic.
You cannot study or cast Earth magic.
You cannot study or cast Necromancy magic.


Message History

You hit the stone giant.
Space bends around the stone giant.
The stone giant is moderately wounded.
The orc wizard begins to cast a spell, but is stunned by your will!
Ru believes you are ready to make a new sacrifice.
Unknown command.
Ru asks you to sacrifice your ability to be loved.
This is a significant sacrifice.
Piety after sacrifice: ****** Do you really want to make this sacrifice?
You are now hated by all.
Ru indicates that your awakening is complete.
The stone giant hits you!
You take 12 damage, and have 25/65 hp.
You now have 3/16 mp.
Unknown command.
You hit the stone giant but do no damage.
Space bends around the stone giant.
You bite the stone giant. You drain its power.
You feel invigorated.
The stone giant is moderately wounded.
The orc wizard gestures wildly while chanting.
The orc wizard blinks!
The stone giant hits you!!
You die...

___________________'....†'.....'.
▓▓▓▓▓▓▓▓▓▓▓▓▓▓▓▓▓▓▓▓▓▓▓▓▓▓▓▓▓▓▓▓▓
.................................
▓▓▓▓▓▓▓▓▓▓▓▓▓▓▓▓▓▓▓▓▓▓▓▓▓▓▓▓▓▓▓▓▓
.†.†'.......÷.'....†........'....
▓▓▓▓▓▓▓▓▓▓▓▓▓▓▓▓▓▓▓▓▓▓▓▓▓▓▓▓▓▓▓▓▓
.§......................)........
▓▓▓▓▓▓▓▓▓▓▓▓▓▓▓▓▓▓▓▓▓▓▓▓▓▓▓▓▓▓▓▓▓
,,,,,,,,+....o§C@))o))'..........
*********▓▓▓▓▓▓▓▓▓▓▓▓▓▓▓▓▓▓▓▓▓▓▓▓
,,,,,,,,,,,,,,,,,,,,,,,,,,,,,,,,,
*********************************
,,,,,,,,,,,,,,,,,,,,,,,,,,+,,,,,,
*********************************
,,,,,,,,,,,,,,,,,,,,,,,,,,,,,,,,,
*********************************
+,,,,,,,,,+,,,,,,,,,+,,,,,,,,,,,,


You could see a stone giant, an orc wizard (frenzied) and an orc.

Vanquished Creatures
  Harold (D)
  3 death yaks (D)
  A hill giant (D)
  2 orc knights (D)
  A deep elf mage (D)
  An elephant (D)
  2 spiny frogs (D)
  A fire drake (D)
  A two-headed ogre (D)
  2 wyverns (D)
  2 yaks (D)
  4 hippogriffs (D)
  A hungry ghost (D)
  A porcupine (D)
  A black bear (D)
  An ice beast (D)
  3 orc warriors (D)
  3 giant frogs (D)
  A scorpion (D)
  2 iguanas (D)
  An orc wizard (D)
  A worm (D)
  A giant gecko (D)
  5 orcs (D)
  2 bats (D)
  A bat skeleton (D)
  A giant cockroach (D)
  2 kobolds (D)
48 creatures vanquished.

Vanquished Creatures (collateral kills)
  A spiny frog (D)
  A porcupine (D)
2 creatures vanquished.

Vanquished Creatures (others)
  A komodo dragon (D)
1 creature vanquished.

Grand Total: 51 creatures vanquished

Notes
Turn   | Place    | Note
--------------------------------------------------------------
     0 | D        | pipel the Vine Stalker Assassin began the quest for the Orb.
     0 | D        | Reached XP level 1. HP: 11/11 MP: 2/2
     4 | D        | Reached skill level 5 in Stealth
    11 | D        | Reached skill level 6 in Stealth
    22 | D        | Reached skill level 1 in Dodging
    38 | D        | Noticed an ice beast
    38 | D        | Noticed an iguana
    40 | D        | Reached XP level 2. HP: 6/15 MP: 1/3
    62 | D        | Reached skill level 7 in Stealth
    71 | D        | Reached skill level 8 in Stealth
    71 | D        | Reached XP level 3. HP: 10/19 MP: 2/4
    76 | D        | Killed an ice beast
    76 | D        | Reached skill level 11 in Stealth
    76 | D        | Reached XP level 4. HP: 3/24 MP: 1/5
    76 | D        | Reached XP level 5. HP: 3/28 MP: 1/6
    82 | D        | Found a glowing silver altar of Zin.
    82 | D        | Found a glowing golden altar of the Shining One.
    82 | D        | Found an ancient bone altar of Kikubaaqudgha.
    82 | D        | Found a basalt altar of Yredelemnul.
    82 | D        | Found a shimmering altar of Xom.
    82 | D        | Found a radiant altar of Vehumet.
    83 | D        | Found an iron altar of Okawaru.
    84 | D        | Found a burning altar of Makhleb.
    85 | D        | Found a deep blue altar of Sif Muna.
    86 | D        | Found a bloodstained altar of Trog.
    87 | D        | Found a sparkling altar of Nemelex Xobeh.
    88 | D        | Found a white marble altar of Elyvilon.
    89 | D        | Found a roughly hewn altar of Beogh.
    90 | D        | Found a viscous altar of Jiyva.
    91 | D        | Found a corrupted altar of Lugonu.
    92 | D        | Found a blossoming altar of Fedhas.
    93 | D        | Found a snail-covered altar of Cheibriados.
    94 | D        | Found a shadowy altar of Dithmenos.
    95 | D        | Found a stormy altar of Qazlal.
    96 | D        | Found an opulent altar of Gozag.
    97 | D        | Found a sacrificial altar of Ru.
    98 | D        | Found an oddly glowing altar of Pakellas.
   105 | D        | Became a worshipper of Ru the Awakened
   135 | D        | Noticed a two-headed ogre
   135 | D        | Noticed an orc warrior
   135 | D        | Noticed a black bear
   135 | D        | Noticed a hill giant
   138 | D        | Killed a hill giant
   138 | D        | Reached skill level 17 in Stealth
   138 | D        | Gained mutation: You heal very quickly. [Vine Stalker growth]
   138 | D        | Reached XP level 6. HP: 22/34 MP: 4/7
   138 | D        | Reached XP level 7. HP: 24/38 MP: 4/8
   140 | D        | Killed a two-headed ogre
   140 | D        | Reached skill level 5 in Fighting
   140 | D        | Reached skill level 18 in Stealth
   140 | D        | Gained mutation: You have razor-sharp teeth. [Vine Stalker growth]
   140 | D        | Reached XP level 8. HP: 27/43 MP: 4/9
   190 | D        | Noticed a deep elf mage
   190 | D        | Noticed a wyvern
   190 | D        | Noticed a wyvern
   192 | D        | Killed a wyvern
   192 | D        | Reached skill level 19 in Stealth
   202 | D        | Gained mutation: You cannot train Armour skill. [Ru sacrifice]
   202 | D        | Reached * piety under Ru
   206 | D        | Reached skill level 1 in Evocations
   208 | D        | Killed a wyvern
   208 | D        | Reached skill level 20 in Stealth
   222 | D        | Killed a deep elf mage
   222 | D        | Reached skill level 5 in Dodging
   222 | D        | Reached XP level 9. HP: 21/48 MP: 11/11
   344 | D        | Noticed a spiny frog
   345 | D        | Noticed an elephant
   359 | D        | Killed a spiny frog
   359 | D        | Reached skill level 5 in Short Blades
   359 | D        | Reached skill level 21 in Stealth
   406 | D        | Gained mutation: You are missing a hand. [Ru sacrifice]
   406 | D        | Reached ** piety under Ru
   406 | D        | Reached *** piety under Ru
   406 | D        | Reached **** piety under Ru
   413 | D        | Killed an elephant
   456 | D        | Noticed a spiny frog
   479 | D        | Killed a spiny frog
   479 | D        | Reached XP level 10. HP: 18/55 MP: 5/13
   496 | D        | Noticed a spiny frog
   499 | D        | Noticed a catoblepas
   503 | D        | Noticed a spiny frog
   514 | D        | Banished a catoblepas
   531 | D        | Noticed a catoblepas
   531 | D        | Noticed a death yak
   531 | D        | Noticed a death yak
   531 | D        | Noticed a death yak
   531 | D        | Noticed a death yak
   533 | D        | Killed a death yak
   536 | D        | Killed a death yak
   559 | D        | Gained mutation: You cannot study or cast Earth magic. [Ru sacrifice]
   559 | D        | Gained mutation: You cannot study or cast Necromancy magic. [Ru sacrifice]
   559 | D        | Gained mutation: You cannot study or cast Charms magic. [Ru sacrifice]
   559 | D        | Reached ***** piety under Ru
   563 | D        | Killed a death yak
   649 | D        | Noticed Gastronok
   656 | D        | Banished Gastronok
   656 | D        | Reached skill level 10 in Fighting
   656 | D        | Reached skill level 10 in Dodging
   656 | D        | Reached skill level 5 in Evocations
   656 | D        | Reached XP level 11. HP: 61/63 MP: 15/15
   671 | D        | Noticed Harold
   678 | D        | Killed Harold
   713 | D        | Noticed an orc knight
   716 | D        | Noticed an orc knight
   717 | D        | Killed an orc knight
   726 | D        | Noticed an orc knight
   730 | D        | Noticed a stone giant
   732 | D        | Killed an orc knight
   738 | D        | Gained mutation: You are hated by all. [Ru sacrifice]
   738 | D        | Reached ****** piety under Ru
   739 | D        | Slain by a stone giant

Vault maps used:
D:        linesprint

Action                   |  1- 3 |  4- 6 |  7- 9 | 10-12 || total
-------------------------+-------+-------+-------+-------++-------
Melee: Dagger            |    33 |     1 |    72 |       ||   106
       Rapier            |       |       |     8 |    71 ||    79
 Fire: Blowgun           |       |       |     5 |       ||     5
Invok: Sacrifice Durabil |       |       |     1 |       ||     1
       Draw Out Power    |       |       |     2 |     3 ||     5
       Sacrifice a Hand  |       |       |     1 |       ||     1
       Power Leap        |       |       |       |     1 ||     1
       Sacrifice Arcana  |       |       |       |     1 ||     1
       Apocalypse        |       |       |       |     1 ||     1
       Sacrifice Love    |       |       |       |     1 ||     1
Evoke: Wand              |       |       |     7 |       ||     7
       Sack of spiders   |       |       |     4 |       ||     4
  Use: Potion            |     1 |       |       |     1 ||     2
       Scroll            |       |       |       |     1 ||     1
 Stab: Sleeping          |     1 |     1 |     2 |     5 ||     9
       Invisible         |       |       |     2 |       ||     2
       Petrified         |       |       |       |     3 ||     3
       Distracted        |       |       |       |     2 ||     2
       Paralysed         |       |       |       |     1 ||     1
  Eat: Chunk             |       |       |     3 |       ||     3
